 Dungeon Crawl Stone Soup version 0.31-a0-182-gc5ef74bbde (webtiles) character file.

Game seed: 15902405803178794832

1615040 Anon1729 the Swordfish (level 27, 174/219 (245) HPs)
             Began as a Merfolk Monk on June 21, 2023.
             Was the Champion of Ru.
             Escaped with the Orb
             ... and 3 runes on June 22, 2023!
             The game lasted 02:14:23 (72214 turns).

Anon1729 the Swordfish (Merfolk Monk)              Turns: 72214, Time: 02:14:24

HP:   174/219 (245) AC: 17    Str: 17      XL:     27
MP:   40/40         EV: 40    Int: 13 (14) God:    Ru [******]
Gold: 2577          SH: 23    Dex: 29      Spells: 52/52 levels left

rFire   + + +        Z - +7 double sword (vamp)
rCold   + + +        u - +5 Storm Queen's Shield {shock, Fly rElec}
rNeg    + . .        F - +3 leather armour {rC+ rF+}
rPois   +            S - +2 hat {Stlth+}
rElec   +            K - +2 cloak {rPois}
rCorr   .            X - +0 pair of gloves of Absolutism {-Cast rF+ rC++ Str+2}
SInv    +            D - +2 pair of boots "Pilais" {rN+ Will+ SInv}
Will    ++++.        T - amulet of Dibajaud {RegenMP Fragile rC++ Str+4 Int+4} Stlth
                     a - ring of Tefarum {Will+ Str+3 Dex+3 SInv}
HPRegen 1.36/turn    E - ring of the Jester {rF+ Str-3 Slay+4 Stlth+}
MPRegen 0.67/turn

%: no spellcasting
@: exhausted, flying, studying 2 skills, heavily drained
A: clumsy 1, no stealth, inability to use devices, hated by all, inability to
train armour, (nimble swimmer 2), mertail, iridescent scales 1, deterioration 1,
sense surroundings 1, regeneration 1, weak 1
0: Orb of Zot
}: 3/15 runes: decaying, serpentine, silver
a: Renounce Religion, Draw Out Power, Power Leap, Apocalypse


You escaped.
You worshipped Ru.
Ru was exalted by your worship.
You visited 10 branches of the dungeon, and saw 48 of its levels.
You visited 1 bazaar.
You also visited: Gauntlet, Ice Cave and Volcano.

You collected 9452 gold pieces.
You spent 6875 gold pieces at shops.

Inventory:

Hand Weapons
 f - a +9 double sword of venom
 Z - a +7 vampiric double sword (weapon)
Missiles
 g - 11 silver javelins
 m - 2 throwing nets
 I - 5 curare-tipped darts (quivered)
Armour
 d - an orb of light
 u - the +5 Storm Queen's Shield (worn) {shock, Fly rElec}
   (You acquired it on level 4 of the Realm of Zot)

   Shock:     When it blocks an attack, it may electrocute the attacker.
   This works even against foes who are a short distance away.
   rElec:     It insulates you from electricity.
   Fly:       It grants you flight.
 D - the +2 pair of boots "Pilais" (worn) {rN+ Will+ SInv}
   (You acquired it on level 13 of the Dungeon)

   rN:        It protects you from negative energy.
   SInv:      It lets you see invisible.
   Will:      It increases your willpower.
 F - a +3 leather armour of resistance (worn)
 H - +0 ice dragon scales
 K - a +2 cloak of poison resistance (worn)
 L - the +2 pair of slick slippers {slick, slippery, EV+4}
   (You found it on level 3 of the Elven Halls)

   Slick:     Its wearer cannot be constricted, engulfed, netted or webbed.
   Slippery:  Its wearer slips away from damaging melee attacks, pulling the
   attacker onward.
   EV:        It affects your evasion (+4).
 N - a +4 kite shield of reflection
 S - a +2 hat of stealth (worn)
 X - the +0 pair of gloves of Absolutism (worn) {-Cast rF+ rC++ Str+2}
   (You took it off Nikola on level 3 of the Vaults)

   Str:       It affects your strength (+2).
   rF:        It protects you from fire.
   rC:        It greatly protects you from cold.
   -Cast:     It prevents spellcasting.
Jewellery
 a - the ring of Tefarum (left hand) {Will+ Str+3 Dex+3 SInv}
   (You bought it in a shop on level 1 of the Snake Pit)

   [ring of willpower]

   Str:       It affects your strength (+3).
   Dex:       It affects your dexterity (+3).
   SInv:      It lets you see invisible.
   Will:      It increases your willpower.
 i - a ring of willpower
 n - a ring of wizardry
 q - a ring of willpower
 x - the necklace of Bloodlust {Fury *Rage Will++ Int-3 Slay+6}
   (You found it in a Gauntlet)

   [amulet of nothing]

   Fury:      It extends the wearer's berserk rage when killing foes.
   Int:       It affects your intelligence (-3).
   Slay:      It affects your accuracy & damage with ranged weapons and melee
   (+6).
   *Rage:     It berserks you when you make melee attacks (+50% chance).
   Will:      It greatly increases your willpower.
 B - a ring of positive energy
 E - the ring of the Jester (right hand) {rF+ Str-3 Slay+4 Stlth+}
   (You found it on level 12 of the Dungeon)

   [ring of slaying]

   Str:       It affects your strength (-3).
   Slay:      It affects your accuracy & damage with ranged weapons and melee
   (+4).
   rF:        It protects you from fire.
   Stlth:     It makes you more stealthy.
 M - a ring of resist corrosion
 T - the amulet of Dibajaud (around neck) {RegenMP Fragile rC++ Str+4 Int+4}
   (You found it in a Gauntlet)

   [amulet of magic regeneration]

   It increases your rate of magic regeneration.
   Str:       It affects your strength (+4).
   Int:       It affects your intelligence (+4).
   rC:        It greatly protects you from cold.
   Fragile:   It will be destroyed if unequipped.
 U - the ring "Mecoi" {Will++ MP+9}
   (You took it off a deep elf annihilator on level 3 of the Elven Halls)

   [ring of magical power]

   MP:        It affects your magic capacity (+9).
   Will:      It greatly increases your willpower.
 V - the ring of Xyorcho {rC+ Will+ Str-2 SInv}
   (You found it on level 2 of the Elven Halls)

   [ring of willpower]

   Str:       It affects your strength (-2).
   rC:        It protects you from cold.
   SInv:      It lets you see invisible.
   Will:      It increases your willpower.
 Y - the ring "Karr" {rElec rF+ SInv}
   (You took it off a deep elf sorcerer on level 3 of the Elven Halls)

   [ring of see invisible]

   rF:        It protects you from fire.
   rElec:     It insulates you from electricity.
   SInv:      It lets you see invisible.
Scrolls
 b - 4 scrolls of revelation
 c - 11 scrolls of poison
 j - 12 scrolls of fear
 l - 19 scrolls of teleportation
 t - 7 scrolls of vulnerability
 v - 8 scrolls of fog
 y - 4 scrolls of immolation
 z - 4 scrolls of amnesia
 A - 4 scrolls of torment
 O - a scroll of brand weapon
 R - 2 scrolls of blinking
Potions
 e - 8 potions of invisibility
 h - 12 potions of enlightenment
 k - 6 potions of mutation
 o - 13 potions of haste
 p - 17 potions of might
 r - 15 potions of brilliance
 s - 30 potions of curing
 w - 12 potions of heal wounds
 C - 4 potions of berserk rage
 G - 9 potions of attraction
 J - 8 potions of lignification
 P - 2 potions of magic
 Q - 3 potions of cancellation
 W - 8 potions of ambrosia


   Skills:
 + Level 26.2 Fighting
 O Level 27 Long Blades
 + Level 14.5 Throwing
 O Level 27 Dodging
   Level 0.0 Stealth
 + Level 18.4 Shields
 + Level 13.2 Spellcasting


You had 52 spell levels left.
You didn't know any spells.
Your spell library contained the following spells:

 Spells                   Type           Power      Damage    Failure   Level
 Apportation              Tloc           16%        N/A       14%         1
 Beastly Appendage        Tmut           16%        N/A       14%         1
 Foxfire                  Conj/Fire      32%        2x1d5     14%         1
 Magic Dart               Conj           32%        1d4       14%         1
 Necrotise                Necr           32%        1d5       14%         1
 Sandblast                Erth           16%        2d6       14%         1
 Cigotuvi's Dreadful Rot  Necr/Pois/Air  16%        N/A       22%         2
 Ensorcelled Hibernation  Hex/Ice        16%        N/A       22%         2
 Passwall                 Tmut/Erth      6%         N/A       22%         2
 Scorch                   Fire           16%        2d5       22%         2
 Searing Ray              Conj           16%        2d5       22%         2
 Static Discharge         Conj/Air       16%        2-3/arc   22%         2
 Wereblood                Tmut           8%         N/A       22%         2
 Dazzling Flash           Conj/Hex       16%        N/A       38%         3
 Frozen Ramparts          Ice            16%        1d3       38%         3
 Hailstorm                Conj/Ice       8%         3d4       38%         3
 Ignite Poison            Fire/Tmut/Pois 8%         N/A       38%         3
 Inner Flame              Hex/Fire       8%         N/A       38%         3
 Mephitic Cloud           Conj/Pois/Air  8%         N/A       38%         3
 Spider Form              Tmut/Pois      8%         N/A       38%         3
 Stone Arrow              Conj/Erth      16%        3d8       38%         3
 Swiftness                Air            8%         N/A       38%         3
 Vampiric Draining        Necr           8%         2d6       38%         3
 Vhi's Electric Charge    Tloc/Air       16%        N/A       38%         3
 Volatile Blastmotes      Fire/Tloc      16%        2d11      38%         3
 Airstrike                Air            4%         2d(1-17)  80%         4
 Dispel Undead            Necr           8%         3d8       80%         4
 Fulminant Prism          Conj/Hex       4%         3d5       80%         4
 Ice Form                 Ice/Tmut       8%         N/A       80%         4
 Iskenderun's Mystic Bla  Conj/Tloc      8%         2d4       80%         4
 Manifold Assault         Tloc           8%         N/A       80%         4
 Passage of Golubria      Tloc           8%         N/A       80%         4
 Petrify                  Tmut/Erth      8%         N/A       80%         4
 Agony                    Necr           8%         N/A       98%         5
 Arcjolt                  Conj/Air       4%         1d14      98%         5
 Borgnjor's Vile Clutch   Necr/Erth      4%         N/A       98%         5
 Fireball                 Conj/Fire      4%         3d4       98%         5
 Freezing Cloud           Conj/Ice/Air   4%         6-21      98%         5
 Iskenderun's Battlesphe  Conj           8%         2d6       98%         5
 Lee's Rapid Deconstruct  Erth           4%         3d5*      98%         5
 Metabolic Englaciation   Hex/Ice        4%         N/A       98%         5
 Silence                  Hex/Air        4%         N/A       98%         5
 Yara's Violent Unravell  Hex/Tmut       4%         3d4       98%         5
 Conjure Ball Lightning   Conj/Air       4%         3x3d6     100%        6
 Dispersal                Tloc           4%         N/A       100%        6
 Leda's Unmaking          Conj/Erth      4%         9d2       100%        6
 Plasma Beam              Fire/Air       4%         2x1d14    100%        6
 Starburst                Conj/Fire      4%         6d3       100%        6
 Statue Form              Tmut/Erth      5%         N/A       100%        6
 Enfeeble                 Hex            4%         N/A       100%        7
 Orb of Destruction       Conj           4%         9d5       100%        7
 Storm Form               Tmut/Air       4%         N/A       100%        7
 Discord                  Hex            4%         N/A       100%        8
 Disjunction              Tloc           4%         N/A       100%        8
 Lehudib's Crystal Spear  Conj/Erth      4%         10d3      100%        8
 Maxwell's Capacitive Co  Air            4%         ∞         100%        8
 Necromutation            Tmut/Necr      4%         N/A       100%        8
 Chain Lightning          Conj/Air       4%         3d5       100%        9
 Fire Storm               Conj/Fire      4%         8d1       100%        9
 Shatter                  Erth           4%         3d7*      100%        9
 Summon Small Mammal      Summ           Unusable   N/A       N/A         1
 Call Canine Familiar     Summ           Unusable   N/A       N/A         3
 Summon Guardian Golem    Hex/Summ       Unusable   N/A       N/A         3
 Animate Armour           Summ/Erth      Unusable   N/A       N/A         4
 Animate Dead             Necr           Unusable   N/A       N/A         4
 Summon Ice Beast         Ice/Summ       Unusable   N/A       N/A         4
 Summon Lightning Spire   Summ/Air       Unusable   N/A       N/A         4
 Death Channel            Necr           Unusable   N/A       N/A         6
 Simulacrum               Ice/Necr       Unusable   N/A       N/A         6
 Spellforged Servitor     Conj/Summ      Unusable   N/A       N/A         7

Dungeon Overview and Level Annotations

Branches:
Dungeon (15/15)            Temple (1/1) D:6            Lair (5/5) D:11
  Swamp (4/4) Lair:2        Snake (4/4) Lair:2        Slime (0/5) Lair:4
    Orc (2/2) D:11            Elf (3/3) Orc:2        Vaults (5/5) D:13
  Crypt (0/3) Vaults:3     Depths (4/4) D:15            Zot (5/5) Depths:4
  IceCv (visited)         Volcano (visited)         Gauntlet (visited)

Altars:
Ashenzari
Cheibriados
Dithmenos
Elyvilon
Gozag
Kikubaaqudgha
Makhleb
Nemelex Xobeh
Okawaru
Qazlal
Ru
Sif Muna
Trog
Uskayaw
Wu Jian
Xom
Zin
The Shining One
Lugonu

Shops:
D:4 [   D:5 ?   D:6 =   D:13 [   Orc:2 [*::   Elf:3 [:?**   Snake:1 *
Snake:4 :=:   Vaults:1 *   Vaults:2 *   Vaults:3 *!([   Vaults:5 (!=!
Depths:2 [

Portals:
Hell: Depths:1 Depths:2 Depths:3 Depths:4
Abyss: Depths:2 Depths:3 Depths:4
Pandemonium: Orc:2 Depths:1 Depths:2 Depths:4
Ziggurat: Depths:4

Annotations:
Lair:4 1 runed translucent door
Elf:2 5 runed translucent doors
Depths:1 2 runed translucent doors, PigKeeper's ghost, veteran DEIE
Depths:4 exclusion: upstairs
Zot:3 exclusions: draconian scorcher and 4 draconian stormcallers


Innate Abilities, Weirdness & Mutations

You are clumsy. (Dex -2)
You cannot be stealthy.
You cannot study or use magical devices.
You are hated by all.
You cannot train Armour skill.
((You are very nimble when in or above water. (Stealth+, EV+, Speed+++)))
Your lower body shifts to a powerful aquatic tail in water.
You are partially covered in iridescent scales. (AC +2)
Your body sometimes deteriorates upon taking damage.
You passively map a small area around you.
Your natural rate of healing is unusually fast.
You are weak. (Str -2)


Message History

Teproeni conjures a mighty blast of ice!
The great icy blast engulfs you!!! You partially resist.
Your body deteriorates!
You feel dopey.
You are encased in ice.
You miss Teproeni.
Teproeni is lightly wounded.
You are engulfed in freezing vapours.
You resist.
You slash Teproeni!
Teproeni is moderately wounded.
You are engulfed in freezing vapours.
You resist. Teproeni gestures at you.
Teproeni conjures a mighty blast of ice!
The great icy blast engulfs you!!! You partially resist.
Blink to where?
Press: ? - help, Dir - move target, f - you
Okay, then.
Unknown command.
Activating: Apocalypse
Press: ? - help, Dir - look around, f - activate You reveal the great annihilating truth to your foes!
Teproeni is paralysed by terrible understanding!
You feel drained.
You are engulfed in freezing vapours.
You resist. The ice encasing you melts away.
The helpless Teproeni fails to defend itself.
You slice Teproeni!!
Teproeni is severely wounded.
You are engulfed in freezing vapours.
You resist.
The helpless Teproeni fails to defend itself.
You cut Teproeni into ribbons!!!
Teproeni is almost dead.
You are engulfed in freezing vapours.
You resist.
The helpless Teproeni fails to defend itself.
You carve Teproeni like a ham!!!
You kill Teproeni!
Okay, then.
You start resting.
Magic restored.
You start resting.
A reaper comes into view. It is wielding a +8 scythe.
There is a staircase leading out of the dungeon here.
You have escaped!

#.# #.###....#..# #.#
#.##.##....## ..# #.#..##...##
..# ###..##.### ..######2...2.##
### ...##....#.##..# #.##
..##°#.#######.###..#
..#.☼.#....# #..##.##########
..#&#####..####.@#..........#
#..## #..#.# #############.#
###### ##..#### ####.#### # #.#
###..#.## #....)..#
####.###.##....#########.##.#..##
#.1.......###.#..##...##.##.#[...
#.#..##...##......#...##.#.....#.
..#.1......##.##.##...##.........
#####....####....##...##..#.#.#..


You could see a reaper.

Vanquished Creatures
  4 ancient liches (Zot:5)
  4 dread liches (Zot:5)
  5 orbs of fire (Zot:5)
  Mennas (Depths:4)
  2 juggernauts (Depths:3)
  A pandemonium lord (D:1)
  Sojobo (Vaults:2)
  Bai Suzhen (Depths:2)
  Parghit (Depths:3)
  4 Killer Klowns
  A curse toe (Zot:5)
  16 golden dragons
  Nikola (Vaults:3)
  the Enchantress (Depths:2)
  A Tzitzimitl (D:1)
  2 electric golems (Zot:5)
  Rupert (Orc:2)
  2 Ice Fiends
  20 tentacled monstrosities
  A walking earthen tome (Depths:3)
  Zenata (Vaults:2)
  5 liches
  27 Orb Guardians
  Asterion (Elf:3)
  3 deep elf master archers (Elf:3)
  2 deep elf blademasters (Elf:3)
  The ghost of bmj180 the Eclecticist, an adept MfIE of Vehumet (Elf:1)
  3 titans (Vaults:5)
  3 ancient champions (Depths:1)
  7 quicksilver dragons
  An Executioner (D:1)
  10 death cobs
  3 sphinxes
  11 tengu reavers
  A thorn hunter (Swamp:4)
  11 shadow dragons
  Donald (Snake:4)
  19 storm dragons
  5 nagarajas
  4 draconian knights
  4 iron dragons
  11 draconian monks
  7 fire giants
  13 vault wardens
  6 draconian scorchers
  Aizul (Swamp:4)
  A curse skull (Zot:1)
  7 deep elf sorcerers
  The ghost of Qiekomn the Thrower, a journeyman DsBe of Trog (Swamp:4)
  3 ghost moths
  2 formless jellyfish
  12 frost giants
  3 deep elf elementalists (Elf:3)
  An orc warlord (Vaults:2)
  4 draconian shifters
  11 stone giants
  6 draconian stormcallers
  5 spriggan defenders
  A quicksilver ooze (shapeshifter) (Vaults:5)
  4 reapers (Depths:1)
  A war gargoyle (Vaults:5)
  2 draconian annihilators (Depths:4)
  6 vampire knights
  21 ironbound preservers
  17 very ugly things
  18 purple draconians
  5 deep elf demonologists (Elf:3)
  9 green draconians
  An eleionoma (Swamp:3)
  19 red draconians
  A lorocyproca (Depths:4)
  11 ironbound thunderhulks
  9 yellow draconians
  2 bunyips
  9 deep elf annihilators
  16 black draconians
  A spark wasp (shapeshifter) (Vaults:5)
  A minotaur (Gauntlet)
  15 white draconians
  A dire elephant (D:15)
  A bunyip (shapeshifter) (Depths:2)
  2 blizzard demons (IceCv)
  5 deep elf death magi
  8 ettins
  12 yaktaur captains
  7 fire dragons
  6 great orbs of eyes
  6 deep elf high priests
  4 entropy weavers
  2 rakshasas (Depths:3)
  31 vault guards
  16 hydras
  5 ice dragons
  A hell beast (D:14)
  A peacekeeper (Vaults:3)
  3 salamander tyrants
  2 ogre magi
  2 spriggan air magi
  3 boulder beetles
  6 ironbound frosthearts
  8 anacondas
  An anaconda (shapeshifter) (Depths:2)
  2 demonspawn (Orc:2)
  6 alligators
  14 centaur warriors
  5 tengu warriors
  6 two-headed ogres
  3 death yaks (Lair:3)
  8 deep troll shamans
  A spriggan berserker (Depths:2)
  4 deep troll earth magi
  21 naga warriors
  2 vampire magi
  8 dancing weapons
  7 orc high priests
  8 shock serpents
  14 spriggans
  A storm dragon zombie (Vaults:3)
  10 naga sharpshooters
  4 soul eaters
  13 hell knights
  4 skysharks
  Sonja (D:13)
  5 deep elf knights
  16 skeletal warriors
  A fire crab (shapeshifter) (Vaults:5)
  11 iron trolls
  A sixfirhy (Orc:2)
  Lodul (D:12)
  5 spriggan druids
  6 salamander mystics
  A deep troll (shapeshifter) (Vaults:5)
  12 swamp dragons
  2 shadow demons
  87 deep trolls
  3 flayed ghosts
  3 goliath frogs
  10 spriggan simulacra (IceCv)
  A death drake (Depths:4)
  9 phantasmal warriors
  19 ironbound convokers
  A lindwurm (shapeshifter) (Vaults:5)
  7 wizards
  11 naga ritualists
  2 wolf spiders
  5 deep elf archers
  9 harpies (Vaults:3)
  8 orc knights
  2 lindwurms
  Pikel (D:9)
  A glowing orange brain (Depths:3)
  2 necromancers (Vaults:1)
  18 deep elf zephyrmancers
  17 deep elf pyromancers
  13 bog bodies
  4 obsidian statues
  2 mana vipers (shapeshifter)
  9 mana vipers
  5 oklob plants
  19 salamanders
  22 moths of wrath
  2 manticores
  9 cyclopes
  37 ugly things
  2 will-o-the-wisps
  7 orc sorcerers
  6 elephants
  A shining eye (shapeshifter) (Vaults:5)
  18 naga magi
  4 rust devils
  36 black mambas
  4 guardian serpents
  A molten gargoyle (Volcano)
  A torpor snail (Lair:2)
  6 cane toads
  2 orange demons
  A gargoyle (D:13)
  13 vault sentinels
  3 smoke demons
  A kobold demonologist (D:11)
  4 freezing wraiths
  19 yaktaurs
  3 rime drakes
  8 unseen horrors
  3 tengu conjurers (Depths:3)
  2 anaconda simulacra (IceCv)
  A golden dragon simulacrum (IceCv)
  16 komodo dragons
  8 ice devils
  6 trolls
  A bloated husk (Swamp:1)
  2 hellwings (Depths:4)
  4 polar bears
  A tarantella (Vaults:2)
  9 tyrant leeches
  13 hornets
  13 blink frogs
  A wind drake (shapeshifter) (Depths:4)
  4 dream sheep (Lair:2)
  29 slime creatures
  A jumping spider (Gauntlet)
  A stone giant simulacrum (Vaults:3)
  A slime creature (shapeshifter) (Depths:2)
  3 air elementals
  Sigmund (D:3)
  A culicivora (shapeshifter) (D:12)
  A dire elephant simulacrum (IceCv)
  A vampire (D:12)
  6 water elementals
  4 wyverns
  2 wraiths
  2 shadows (D:11)
  10 fire elementals
  46 yaks
  3 ynoxinuls
  4 large abominations (Depths:3)
  2 neqoxecs
  5 vampire mosquitoes
  Grum (D:11)
  12 basilisks
  10 minotaur simulacra (IceCv)
  2 steam dragons
  5 chaos spawn
  3 redbacks
  A glowing shapeshifter zombie (Vaults:3)
  10 wargs
  Menkaure (D:5)
  A harpy simulacrum (IceCv)
  38 nagas
  A hydra simulacrum (IceCv)
  16 swamp worms
  An acid dragon (Lair:5)
  8 water moccasins
  3 hell hounds (D:15)
  Duvessa (D:5)
  9 swamp drakes
  An ice beast (D:7)
  22 orc warriors
  3 black bears (D:5)
  21 wolves
  2 ettin simulacra (IceCv)
  3 boggarts (Vaults:3)
  19 ogres
  An ogre (shapeshifter) (Elf:3)
  7 centaurs
  A phantom (D:5)
  3 lemures (D:9)
  A kobold brigand (D:6)
  11 bullfrogs
  3 gnoll sergeants
  3 earth elementals
  A glowing shapeshifter simulacrum (Vaults:3)
  A scorpion (D:5)
  7 deep troll simulacra (IceCv)
  2 small abominations (Depths:3)
  Dowan (D:5)
  A lindwurm simulacrum (IceCv)
  21 killer bees
  2 electric eels (Lair:4)
  4 howler monkeys
  20 orc priests
  A jelly (D:4)
  3 hounds
  15 iguanas
  13 orc wizards
  3 lightning spires (Zot:1)
  15 gnolls
  4 adders
  A white imp (D:6)
  An ufetubus (D:5)
  2 worms (D:3)
  5 dart slugs
  58 orcs
  7 ball pythons
  5 endoplasms
  3 giant cockroaches
  7 goblins
  2 hobgoblins
  3 jackals (D:1)
  A quokka (D:4)
  5 bats
  3 frilled lizards
  9 kobolds
  7 rats
1934 creatures vanquished.

Vanquished Creatures (others)
  A golden dragon (Depths:4)
  A tentacled monstrosity (Zot:4)
  A shadow dragon (Zot:3)
  2 frost giants (Depths:3)
  Louise (Snake:4)
  A fire giant (Depths:3)
  A vault warden (Vaults:5)
  2 draconian shifters
  A stone giant (Depths:3)
  A black draconian (Zot:5)
  A green draconian (Zot:1)
  2 red draconians
  A white draconian (Depths:4)
  A bunyip (Swamp:3)
  Azrael (D:15)
  A yellow draconian (Zot:2)
  A deep elf high priest (Vaults:5)
  3 hydras
  A boulder beetle (D:13)
  A deep troll earth mage (Depths:1)
  2 spriggan berserkers (Depths:3)
  An iron troll (Depths:4)
  3 deep trolls (Depths:3)
  A spriggan simulacrum (IceCv)
  A necromancer (Vaults:3)
  An orc sorcerer (Orc:2)
  2 black mambas
  A gargoyle (D:11)
  A yaktaur (Vaults:1)
  2 tengu conjurers
  2 bloated husks
  A hornet (Swamp:1)
  A spriggan (Swamp:1)
  An air elemental (Elf:3)
  An elf zombie (Vaults:3)
  A small abomination (Depths:3)
  2 nagas (Snake:3)
  An orc warrior (Orc:2)
  A lightning spire (Zot:1)
  3 orcs
  4 foxfires
58 creatures vanquished.

Grand Total: 1992 creatures vanquished

Notes
Turn   | Place    | Note
-------+----------+-------------------------------------------
     0 | D:1      | Anon1729 the Merfolk Monk began the quest for the Orb.
     0 | D:1      | Reached XP level 1. HP: 18/18 MP: 1/1
   178 | D:1      | Reached XP level 2. HP: 22/24 MP: 2/2
   519 | D:1      | Reached skill level 1 in Stealth
  1181 | D:2      | Reached XP level 3. HP: 29/29 MP: 3/3
  1492 | D:3      | Found a faded altar of an unknown god.
  1665 | D:3      | Noticed an ogre
  1677 | D:3      | Killed an ogre
  1678 | D:3      | Reached skill level 5 in Dodging
  1678 | D:3      | Reached XP level 4. HP: 33/37 MP: 4/4
  1678 | D:3      | Reached XP level 5. HP: 38/42 MP: 5/5
  2000 | D:3      | Noticed Sigmund
  2010 | D:3      | Killed Sigmund
  2011 | D:3      | Reached skill level 5 in Long Blades
  2011 | D:3      | Reached XP level 6. HP: 17/49 MP: 6/6
  2227 | D:3      | Found an ornate altar of the Wu Jian Council.
  2521 | D:4      | Found a broken altar of Ashenzari.
  2723 | D:4      | Reached skill level 5 in Fighting
  2723 | D:4      | Reached XP level 7. HP: 14/56 MP: 7/7
  3426 | D:4      | Found Geahih's Antique Armour Boutique.
  3544 | D:5      | Entered Level 5 of the Dungeon
  3795 | D:5      | Found The Oracle's Delphic Readings.
  3799 | D:5      | Bought a scroll of identify for 20 gold pieces
  3803 | D:5      | Identified a scroll of acquirement
  3811 | D:5      | Acquired a +7 double sword of holy wrath
  3921 | D:5      | Noticed Menkaure
  3927 | D:5      | Killed Menkaure
  3928 | D:5      | Reached skill level 5 in Stealth
  3928 | D:5      | Reached XP level 8. HP: 64/64 MP: 8/8
  4146 | D:5      | Noticed Duvessa
  4149 | D:5      | Noticed Dowan
  4153 | D:5      | Killed Duvessa
  4155 | D:5      | Killed Dowan
  4184 | D:5      | Found a glowing golden altar of the Shining One.
  4383 | D:5      | Found a shimmering altar of Xom.
  4386 | D:5      | Found a shimmering altar of Xom.
  4388 | D:5      | Found a shimmering altar of Xom.
  4388 | D:5      | Found a shimmering altar of Xom.
  4389 | D:5      | Found a shimmering altar of Xom.
  4389 | D:5      | Found a shimmering altar of Xom.
  4389 | D:5      | Found a shimmering altar of Xom.
  4389 | D:5      | Found a shimmering altar of Xom.
  4986 | D:6      | Found a staircase to the Ecumenical Temple.
  4991 | Temple   | Entered the Ecumenical Temple
  5099 | Temple   | Became a worshipper of Ru the Awakened
  5108 | Temple   | Gained mutation: You are hated by all. [Ru sacrifice]
  5108 | Temple   | Reached * piety under Ru
  5108 | Temple   | Reached ** piety under Ru
  5134 | D:6      | Reached XP level 9. HP: 61/71 MP: 9/9
  5452 | D:6      | Found an ancient bone altar of Kikubaaqudgha.
  6126 | D:6      | Found Zevuojio's Jewellery Emporium.
  6127 | D:6      | You fall into a shaft and drop 3 floors!
  6463 | D:9      | Reached skill level 10 in Long Blades
  6554 | D:9      | Reached XP level 10. HP: 75/80 MP: 10/10
  6710 | D:9      | Noticed Pikel
  6727 | D:9      | Killed Pikel
  6825 | D:9      | Noticed a two-headed ogre
  6830 | D:9      | Killed a two-headed ogre
  6831 | D:9      | Reached skill level 10 in Dodging
  6852 | D:9      | Gained mutation: You cannot study or use magical devices.
                  | [Ru sacrifice]
  6852 | D:9      | Reached *** piety under Ru
  7029 | D:9      | Found a white marble altar of Elyvilon.
  7032 | D:9      | Found an iron altar of Okawaru.
  7034 | D:9      | Found a snail-covered altar of Cheibriados.
  7081 | D:10     | Entered Level 10 of the Dungeon
  7091 | D:10     | Found a bloodstained altar of Trog.
  7123 | D:10     | Found a hide-covered altar of Uskayaw.
  7234 | D:10     | Noticed an unseen horror
  7238 | D:10     | Killed an unseen horror
  7246 | D:10     | Noticed a two-headed ogre
  7254 | D:10     | Killed a two-headed ogre
  7269 | D:10     | Reached XP level 11. HP: 84/89 MP: 11/11
  7724 | D:11     | Found a staircase to the Lair.
  7797 | D:11     | Noticed a cyclops
  7797 | D:11     | Noticed Grum
  7801 | D:11     | Killed Grum
  7809 | D:11     | Killed a cyclops
  7893 | D:11     | Gained mutation: You cannot be stealthy. [Ru sacrifice]
  7893 | D:11     | Reached **** piety under Ru
  7895 | D:11     | Found a staircase to the Orcish Mines.
  8276 | D:12     | Noticed Lodul
  8318 | D:12     | Noticed a boulder beetle
  8330 | D:11     | Killed a boulder beetle
  8456 | D:12     | Reached skill level 10 in Fighting
  8462 | D:12     | Identified the ring of the Jester {rF+ Str-3 Slay+4 Stlth+}
  8527 | D:12     | Noticed a cyclops
  8735 | D:12     | Killed a cyclops
  8760 | D:12     | Noticed a two-headed ogre
  8772 | D:12     | Killed a two-headed ogre
  8773 | D:12     | Reached XP level 12. HP: 98/98 MP: 12/12
  8783 | D:12     | Found a flickering gateway to a bazaar.
  8795 | Bazaar   | Entered a bazaar
  8799 | Bazaar   | Found Bodua's Armour Boutique.
  8821 | Bazaar   | Found Udeatypn's Antique Armour Emporium.
  8842 | Bazaar   | Found Lihot's Magic Scroll Boutique.
  8862 | Bazaar   | Found Naemodee's Distillery.
  8868 | Bazaar   | Bought a potion of curing for 27 gold pieces
  8868 | Bazaar   | Bought a potion of might for 36 gold pieces
  8868 | Bazaar   | Bought a potion of resistance for 90 gold pieces
  8868 | Bazaar   | Bought a potion of mutation for 72 gold pieces
  8891 | Bazaar   | Bought a potion of attraction for 27 gold pieces
  8891 | Bazaar   | Bought a potion of curing for 27 gold pieces
  8891 | Bazaar   | Bought a potion of curing for 27 gold pieces
  8956 | Bazaar   | Bought a scroll of fear for 48 gold pieces
  9118 | D:12     | Killed Lodul
  9579 | D:13     | Noticed a boulder beetle
  9595 | D:13     | Killed a boulder beetle
  9697 | D:13     | Found Keunaer's Antique Armour Shop.
  9910 | D:13     | Noticed a centaur warrior
 10082 | D:12     | Reached skill level 15 in Long Blades
 10664 | D:12     | Killed a centaur warrior
 11048 | D:13     | Noticed Sonja
 11121 | D:13     | Killed Sonja
 11241 | D:13     | Bought a glowing cloak for 195 gold pieces
 11241 | D:13     | Bought a shiny helmet for 195 gold pieces
 11384 | D:13     | Noticed a centaur warrior
 11627 | D:13     | Killed a centaur warrior
 11728 | D:13     | Noticed a boulder beetle
 11734 | D:13     | Killed a boulder beetle
 11941 | D:13     | Noticed an iron troll
 11941 | D:13     | Noticed a fire dragon
 11945 | D:13     | Killed a fire dragon
 12190 | D:13     | Killed an iron troll
 12191 | D:13     | Reached XP level 13. HP: 86/107 MP: 13/13
 12266 | D:13     | Found a gate to the Vaults.
 12356 | D:13     | Acquired 1032 gold pieces
 12358 | D:13     | Acquired the +2 pair of boots "Pilais" {rN+ Will+ SInv}
 12979 | D:14     | Noticed a fire dragon
 12990 | D:14     | Killed a fire dragon
 13579 | D:15     | Entered Level 15 of the Dungeon
 13737 | D:15     | Noticed a dire elephant
 13754 | D:15     | Killed a dire elephant
 13772 | D:15     | Found a staircase to the Depths.
 13833 | D:15     | Noticed Azrael
 13840 | D:15     | Killed Azrael
 13883 | D:15     | Reached skill level 15 in Dodging
 13919 | D:15     | Reached XP level 14. HP: 39/118 MP: 14/14
 14210 | D:15     | Found a frozen archway.
 14277 | IceCv    | Entered an ice cave
 16389 | Lair:1   | Entered Level 1 of the Lair of Beasts
 16508 | Lair:1   | Gained mutation: You cannot train Armour skill. [Ru
                  | sacrifice]
 16508 | Lair:1   | Reached ***** piety under Ru
 16677 | Lair:1   | Found a dark tunnel.
 16722 | Volcano  | Entered a volcano
 17631 | Lair:2   | Gained mutation: You are clumsy. (Dex -2) [Ru sacrifice]
 17631 | Lair:2   | Reached ****** piety under Ru
 17654 | Lair:2   | Reached XP level 15. HP: 126/126 MP: 15/15
 17662 | Lair:2   | Found a staircase to the Snake Pit.
 17843 | Lair:2   | Found a staircase to the Swamp.
 18662 | Lair:3   | Identified the +0 tower shield of the Special Portals
                  | {Str+3}
 19707 | Lair:4   | You fall into a shaft and drop 1 floor!
 19707 | Lair:5   | Entered Level 5 of the Lair of Beasts
 20279 | Lair:5   | Reached skill level 15 in Fighting
 21047 | Lair:4   | Found a runed translucent door.
 21047 | Lair:4   | Noticed an azure jelly
 21537 | Lair:4   | Found a staircase to the Slime Pits.
 21537 | Lair:4   | Noticed an azure jelly
 21740 | Orc:1    | Entered Level 1 of the Orcish Mines
 22176 | Orc:2    | Entered Level 2 of the Orcish Mines
 22197 | Orc:2    | Found a gate leading to a gauntlet.
 22237 | Gauntlet | Entered a Gauntlet
 22237 | Gauntlet | Found a transporter.
 22240 | Gauntlet | Found a transporter.
 22256 | Gauntlet | Found a transporter.
 22260 | Gauntlet | Found a transporter.
 22270 | Gauntlet | Found a transporter.
 22287 | Gauntlet | Found a transporter.
 22303 | Gauntlet | Found a transporter.
 22306 | Gauntlet | Found a transporter.
 22310 | Gauntlet | Found a transporter.
 22311 | Gauntlet | Found a transporter.
 22311 | Gauntlet | Found a transporter.
 22319 | Gauntlet | Found a transporter.
 22541 | Gauntlet | Identified the amulet of Dibajaud {RegenMP Fragile rC++
                  | Str+4 Int+4}
 22613 | Gauntlet | Identified the staff "Tefynk" {Int+3 Conj}
 22615 | Gauntlet | Found the necklace of Bloodlust {Fury *Rage Will++ Int-3
                  | Slay+6}
 22621 | Gauntlet | Reached XP level 16. HP: 90/132 MP: 16/16
 22721 | Gauntlet | Identified the staff of Contradiction {Dex+4 Conj}
 22951 | Orc:2    | Found Gaam's General Store.
 22952 | Orc:2    | Found Intep's General Store.
 23116 | Orc:2    | Bought 2 potions of degeneration for 24 gold pieces
 23118 | Orc:2    | Bought a potion of heal wounds for 60 gold pieces
 23118 | Orc:2    | Bought a scroll of vulnerability for 48 gold pieces
 23118 | Orc:2    | Bought a scroll of immolation for 48 gold pieces
 23118 | Orc:2    | Bought a scroll of identify for 24 gold pieces
 23141 | Orc:2    | Found a staircase to the Elven Halls.
 23142 | Orc:2    | Found Itricleb's Vocational Training.
 23324 | Orc:2    | Noticed Rupert
 23332 | Orc:2    | Killed Rupert
 23680 | Orc:2    | Found Tueheesch's Book Shoppe.
 23680 | Orc:2    | Found Naxela's Antique Armour Emporium.
 23680 | Orc:2    | Found a one-way gate leading to the halls of Pandemonium.
 23696 | Orc:2    | Bought a glowing scarf for 224 gold pieces
 23697 | Orc:2    | Bought a glowing scarf for 224 gold pieces
 23858 | Elf:1    | Entered Level 1 of the Elven Halls
 24435 | Elf:1    | Paralysed by an air elemental for 1 turns
 24585 | Elf:1    | Found a large runed translucent door.
 24585 | Elf:1    | Found a large runed translucent door.
 24589 | Elf:1    | Noticed bmj180's ghost (adept MfIE)
 25016 | Elf:1    | Killed bmj180's ghost
 25116 | Elf:2    | Found a shimmering blue altar of Sif Muna.
 26047 | Elf:2    | Found a huge runed translucent gate.
 26047 | Elf:2    | Found a huge runed translucent gate.
 26057 | Elf:2    | Found a huge runed translucent gate.
 26058 | Elf:2    | Found a huge runed translucent gate.
 26059 | Elf:2    | Found a huge runed translucent gate.
 26067 | Elf:2    | Noticed a deep elf blademaster
 26406 | Elf:2    | Reached XP level 17. HP: 128/145 MP: 17/17
 26460 | Elf:2    | Identified the ring of Xyorcho {rC+ Will+ Str-2 SInv}
 26574 | Elf:3    | Entered Level 3 of the Elven Halls
 26651 | Elf:3    | Found Fih Wupp's Book Shoppe.
 26733 | Elf:3    | Found Fuzecum's Armour Emporium.
 26844 | Elf:3    | Noticed Asterion
 26852 | Elf:3    | Killed Asterion
 27119 | Elf:3    | Found Joaladwa's Magic Scroll Emporium.
 27126 | Elf:3    | Bought a scroll of blinking for 105 gold pieces
 27126 | Elf:3    | Bought a scroll of enchant weapon for 105 gold pieces
 27126 | Elf:3    | Bought a scroll of teleportation for 42 gold pieces
 27126 | Elf:3    | Bought a scroll of identify for 28 gold pieces
 27126 | Elf:3    | Bought a scroll of identify for 28 gold pieces
 27133 | Elf:3    | Found Ofropsij's General Store.
 27144 | Elf:3    | Bought a scroll of immolation for 56 gold pieces
 27144 | Elf:3    | Bought a potion of curing for 42 gold pieces
 27144 | Elf:3    | Found Adaarch's Assorted Antiques.
 27193 | Elf:3    | Identified the +0 halberd "Mehok" {vamp, Int+2 Stlth+}
 27193 | Elf:3    | Identified the +7 executioner's axe "Uchevull" {speed,
                  | Int+2}
 27223 | Elf:3    | Identified the ring "Luimmimo" {rN+ Int+2}
 27230 | Elf:3    | Noticed a deep elf master archer
 27230 | Elf:3    | Identified the +10 great mace "Siheus" {venom, Str+4}
 27230 | Elf:3    | Identified the amulet "Saup" {Faith Dex+4 Stlth+}
 27237 | Elf:3    | Paralysed by an air elemental for 1 turns
 27238 | Elf:3    | HP: 3/140 [deep elf master archer/arrow (35)]
 27242 | Elf:3    | Paralysed by an air elemental for 1 turns
 27573 | Elf:3    | Killed a deep elf master archer
 27693 | Elf:3    | Noticed a deep elf blademaster
 27703 | Elf:3    | Killed a deep elf blademaster
 27708 | Elf:3    | Identified the ring "Mecoi" {Will++ MP+9}
 27812 | Elf:3    | Noticed a deep elf blademaster
 27815 | Elf:3    | Noticed a deep elf master archer
 27834 | Elf:3    | Killed a deep elf blademaster
 28180 | Elf:3    | Killed a deep elf master archer
 28350 | Elf:3    | Identified the ring "Karr" {rElec rF+ SInv}
 28353 | Elf:3    | Identified the +6 rapier "Uhedghece" {pain, *Noise rPois
                  | Str+4}
 28404 | Elf:3    | Identified the staff of Honour {rPois Int+3 Conj}
 28453 | Elf:3    | Noticed a deep elf master archer
 29084 | Elf:3    | Killed a deep elf master archer
 29727 | Elf:3    | Found the +2 pair of slick slippers {slick, slippery, EV+4}
 29728 | Elf:3    | Got the Almanac of Analysis
 29762 | Elf:3    | Identified the staff of the Coward {rN+ Dex+3 Necro}
 29765 | Elf:3    | Identified the staff of Punishment {Will+ Earth}
 29775 | Elf:3    | Identified the staff "Gonidoan" {+Blink rPois Str-3 Int+2
                  | Dex+3 Poison}
 30070 | Snake:1  | Entered Level 1 of the Snake Pit
 30215 | Snake:1  | Got the Directory of the Catacomb and Detritus
 30612 | Snake:1  | Found Paaqusy's Assorted Antiques.
 30619 | Snake:1  | Bought a translucent iron ring for 115 gold pieces
 30619 | Snake:1  | Identified the ring of Tefarum {Will+ Str+3 Dex+3 SInv}
                  | (You bought it in a shop on level 1 of the Snake Pit)
 30619 | Snake:1  | Bought a fine scale mail for 207 gold pieces
 30619 | Snake:1  | Identified the +6 scale mail of Greater Demons {rN++ Will-}
                  | (You bought it in a shop on level 1 of the Snake Pit)
 30619 | Snake:1  | Bought a scroll of immolation for 92 gold pieces
 30619 | Snake:1  | Bought a scroll of teleportation for 69 gold pieces
 30619 | Snake:1  | Bought a potion of enlightenment for 115 gold pieces
 31761 | Snake:2  | Reached XP level 18. HP: 123/155 MP: 18/18
 33679 | Snake:4  | Entered Level 4 of the Snake Pit
 36825 | Snake:4  | Noticed Louise
 36854 | Snake:4  | Killed Louise
 36997 | Snake:4  | Reached XP level 19. HP: 77/164 MP: 19/19
 37519 | Snake:4  | Noticed Donald
 37526 | Snake:4  | Killed Donald
 37720 | Snake:4  | Found Amigo's Distillery.
 37728 | Snake:4  | Bought 2 potions of haste for 300 gold pieces
 37728 | Snake:4  | Bought a potion of curing for 45 gold pieces
 37728 | Snake:4  | Bought a potion of haste for 150 gold pieces
 37728 | Snake:4  | Bought a potion of heal wounds for 75 gold pieces
 37728 | Snake:4  | Bought a potion of heal wounds for 75 gold pieces
 37728 | Snake:4  | Bought a potion of ambrosia for 120 gold pieces
 37728 | Snake:4  | Bought a potion of mutation for 120 gold pieces
 37728 | Snake:4  | Bought a potion of might for 60 gold pieces
 37728 | Snake:4  | Bought a potion of enlightenment for 75 gold pieces
 37728 | Snake:4  | Bought a potion of brilliance for 60 gold pieces
 37728 | Snake:4  | Bought a potion of enlightenment for 75 gold pieces
 37770 | Snake:4  | Found Hyenef's Book Emporium.
 37772 | Snake:4  | Found Ticzisa's Jewellery Shop.
 37774 | Snake:4  | Found Galiomir's Book Emporium.
 38048 | Snake:4  | Got a serpentine rune of Zot
 38260 | Swamp:1  | Entered Level 1 of the Swamp
 38465 | Vaults:1 | Entered Level 1 of the Vaults
 38796 | Vaults:1 | Reached skill level 1 in Shields
 39225 | Vaults:1 | Reached skill level 27 in Long Blades
 39672 | Vaults:1 | Found Semucrut's Assorted Antiques.
 39679 | Vaults:1 | Bought an ancient scale mail for 342 gold pieces
 39679 | Vaults:1 | Identified the +6 scale mail "Inlishu" {Contam Harm Regen+
                  | Str+4} (You bought it in a shop on level 1 of the Vaults)
 39679 | Vaults:1 | Bought an encrusted ring mail for 342 gold pieces
 39679 | Vaults:1 | Identified the +5 ring mail of the Evening {*Slow Will-
                  | Str+9 Stlth+} (You bought it in a shop on level 1 of the
                  | Vaults)
 40986 | Vaults:2 | Noticed Zenata
 41021 | Vaults:2 | HP: 4/159 [+2 long sword of electrocution[Zenata] (12)]
 41902 | Vaults:2 | Noticed Sojobo
 41915 | Vaults:2 | Killed Sojobo
 41916 | Vaults:2 | Reached skill level 5 in Shields
 42367 | Vaults:1 | Reached XP level 20. HP: 27/154 MP: 14/20
 42705 | Vaults:2 | Killed Zenata
 43061 | Vaults:2 | Got the Anthology of Combustion and the Sixfirhy
 43468 | Vaults:2 | Found Utexop's General Store.
 43476 | Vaults:2 | Bought a scroll of blinking for 150 gold pieces
 43476 | Vaults:2 | Bought a scroll of identify for 40 gold pieces
 43476 | Vaults:2 | Bought a scroll of vulnerability for 80 gold pieces
 44697 | Vaults:3 | Found Padghav's General Store.
 44700 | Vaults:3 | Bought a potion of enlightenment for 80 gold pieces
 45206 | Vaults:3 | Identified the +0 pair of gloves of Absolutism {-Cast rF+
                  | rC++ Str+2}
 45206 | Vaults:3 | Noticed Nikola
 45234 | Vaults:3 | Killed Nikola
 45464 | Vaults:3 | Found Luung's Distillery.
 45470 | Vaults:3 | Bought a potion of curing for 36 gold pieces
 45470 | Vaults:3 | Bought a potion of might for 48 gold pieces
 45470 | Vaults:3 | Bought a potion of heal wounds for 60 gold pieces
 45470 | Vaults:3 | Bought a potion of might for 48 gold pieces
 45470 | Vaults:3 | Bought a potion of might for 48 gold pieces
 45470 | Vaults:3 | Bought a potion of attraction for 36 gold pieces
 45520 | Vaults:3 | Found Lenint's Armour Shop.
 45609 | Vaults:3 | Found Ymupuum's Antique Weapon Shoppe.
 45995 | Vaults:3 | Found a staircase to the Crypt.
 46851 | Vaults:4 | Reached XP level 21. HP: 103/185 MP: 21/21
 47944 | Swamp:1  | Reached skill level 10 in Shields
 49171 | Swamp:2  | You fall into a shaft and drop 1 floor!
 49536 | Swamp:3  | Found a shimmering blue altar of Sif Muna.
 49708 | Swamp:4  | Entered Level 4 of the Swamp
 50193 | Swamp:4  | Noticed Aizul
 50209 | Swamp:4  | Killed Aizul
 50257 | Swamp:4  | Got a decaying rune of Zot
 50423 | Swamp:4  | Found a runed translucent door.
 50424 | Swamp:4  | Found a shimmering altar of Xom.
 50424 | Swamp:4  | Noticed Qiekomn's ghost (journeyman DsBe)
 50802 | Swamp:4  | Killed Qiekomn's ghost
 51137 | Depths:1 | Entered Level 1 of the Depths
 52096 | Depths:1 | Found a gateway to Hell.
 52260 | Depths:1 | Reached XP level 22. HP: 169/180 MP: 22/22
 52339 | Depths:1 | Found a runed translucent door.
 52622 | Depths:1 | Noticed a dread lich
 52623 | Depths:1 | Found a runed translucent door.
 52630 | Depths:1 | Noticed PigKeeper's ghost (veteran DEIE)
 52883 | Depths:1 | Found a broken altar of Ashenzari.
 53353 | Depths:2 | Reached skill level 1 in Throwing
 53476 | Depths:2 | Acquired 1038 gold pieces
 53489 | Depths:2 | Identified the +5 trident of Context {drain, Str+3}
 53570 | Depths:2 | Identified the +1 trident of the Eternal Void {heavy,
                  | Will++ Str-2}
 53625 | Depths:2 | Reached skill level 1 in Spellcasting
 53790 | Depths:2 | Found a corrupted altar of Lugonu.
 53790 | Depths:2 | Found a one-way gate to the infinite horrors of the Abyss.
 54165 | Depths:2 | Identified the +3 plate armour "Ytiacs" {rC+ Regen+ Dex+3}
 54392 | Depths:2 | Found Jotacsie's Armour Shoppe.
 54732 | Depths:2 | Noticed Bai Suzhen
 54772 | Depths:2 | Killed Bai Suzhen
 54974 | Depths:2 | Noticed the Enchantress
 54984 | Depths:2 | Killed the Enchantress
 55421 | Depths:3 | Noticed a juggernaut
 55438 | Depths:3 | Killed a juggernaut
 55736 | Depths:3 | Noticed a golden dragon
 55748 | Depths:3 | Killed a golden dragon
 55835 | Depths:3 | Identified the +0 glaive of the Dwarven Hall {freeze,
                  | Str+4}
 56558 | Depths:3 | Identified the staff "Jieb" {rF+ Str-5 Int+8 Hexes Fire}
 56561 | Depths:3 | Got Dafratao's Quarto of Fog and Metal
 56641 | Depths:3 | Paralysed by a vampire knight for 3 turns
 56650 | Depths:3 | Reached skill level 5 in Throwing
 56656 | Depths:3 | Reached XP level 23. HP: 169/205 MP: 29/29
 56944 | Depths:4 | Entered Level 4 of the Depths
 56949 | Depths:4 | Noticed a juggernaut
 57510 | Depths:3 | Killed a juggernaut
 57511 | Depths:3 | Reached skill level 5 in Spellcasting
 57682 | Depths:4 | Acquired 438 gold pieces
 58245 | Depths:4 | Noticed Parghit
 58687 | Depths:4 | Identified the +0 tower shield "Inaed" {Drain +Blink
                  | Will++}
 58687 | Depths:4 | Noticed Mennas
 58697 | Depths:4 | Killed Mennas
 58849 | Depths:4 | Found a one-way gateway to a ziggurat.
 59109 | Depths:4 | Noticed a golden dragon
 59118 | Depths:4 | Killed a golden dragon
 59265 | Depths:4 | Reached skill level 27 in Dodging
 59602 | Depths:4 | Found a gate to the Realm of Zot.
 59607 | Depths:4 | Noticed a golden dragon
 59611 | Depths:4 | Noticed a golden dragon
 59617 | Depths:4 | Killed a golden dragon
 59630 | Depths:4 | Killed a golden dragon
 59744 | Depths:4 | Got the Cyclopedia of the Hot Cumulonimbus
 59851 | Depths:4 | Noticed a golden dragon
 59861 | Depths:4 | Killed a golden dragon
 60022 | Depths:4 | Noticed a golden dragon
 60037 | Depths:4 | Killed a golden dragon
 60111 | Depths:4 | Reached XP level 24. HP: 201/207 MP: 33/33
 60492 | Depths:3 | Killed Parghit
 60894 | Vaults:5 | Entered Level 5 of the Vaults
 62228 | Vaults:5 | Identified the +5 robe of Unuqu {Rampage Will+ Str-5 Dex+4}
 62474 | Vaults:5 | Reached skill level 15 in Shields
 62731 | Vaults:5 | Gained mutation: You are weak. (Str -2) [a shining eye]
 62733 | Vaults:5 | Gained mutation: You are occasionally teleported next to
                  | monsters. [a shining eye]
 62932 | Vaults:5 | Found Qeuj's Distillery.
 62932 | Vaults:5 | Found Qipom's Distillery.
 62953 | Vaults:5 | Reached skill level 10 in Throwing
 63154 | Vaults:5 | Bought a potion of heal wounds for 95 gold pieces
 63154 | Vaults:5 | Bought a potion of mutation for 152 gold pieces
 63154 | Vaults:5 | Bought 2 potions of might for 152 gold pieces
 63154 | Vaults:5 | Bought a potion of brilliance for 76 gold pieces
 63154 | Vaults:5 | Bought a potion of magic for 152 gold pieces
 63159 | Vaults:5 | Bought a potion of curing for 45 gold pieces
 63159 | Vaults:5 | Bought 2 potions of haste for 300 gold pieces
 63159 | Vaults:5 | Bought a potion of lignification for 45 gold pieces
 63159 | Vaults:5 | Bought a potion of curing for 45 gold pieces
 63159 | Vaults:5 | Bought 2 potions of might for 120 gold pieces
 63159 | Vaults:5 | Bought a potion of curing for 45 gold pieces
 63159 | Vaults:5 | Bought a potion of heal wounds for 75 gold pieces
 63166 | Vaults:5 | Found Goryklyoc's Antique Weapon Shop.
 63538 | Vaults:5 | Found Rogg's Jewellery Shop.
 63548 | Vaults:5 | Got a silver rune of Zot
 63718 | Vaults:5 | Found Xaos's Distillery.
 63722 | Vaults:5 | Bought 2 potions of curing for 96 gold pieces
 63722 | Vaults:5 | Bought a potion of curing for 48 gold pieces
 63722 | Vaults:5 | Bought a potion of curing for 48 gold pieces
 63722 | Vaults:5 | Bought a potion of brilliance for 64 gold pieces
 63722 | Vaults:5 | Bought a potion of curing for 48 gold pieces
 63722 | Vaults:5 | Bought a potion of ambrosia for 128 gold pieces
 63722 | Vaults:5 | Bought a potion of mutation for 128 gold pieces
 63722 | Vaults:5 | Bought a potion of heal wounds for 80 gold pieces
 63722 | Vaults:5 | Bought a potion of curing for 48 gold pieces
 64210 | Zot:1    | Entered Level 1 of the Realm of Zot
 64537 | Zot:1    | Reached XP level 25. HP: 208/213 MP: 36/36
 65016 | Zot:1    | Identified the +0 falchion "Newtslayer" {drain, +Blink
                  | rN+++ Int+2 Stlth-}
 66036 | Zot:2    | Reached skill level 10 in Spellcasting
 66316 | Zot:2    | Noticed a Killer Klown
 66330 | Zot:2    | Killed a Killer Klown
 67095 | Zot:2    | Lost mutation: You are weak. (Str -2) [potion of mutation]
 67095 | Zot:2    | Lost mutation: You are occasionally teleported next to
                  | monsters. [potion of mutation]
 67095 | Zot:2    | Gained mutation: You sometimes lose your temper in combat.
                  | [potion of mutation]
 67095 | Zot:2    | Gained mutation: You have hidden genetic potential. [potion
                  | of mutation]
 67096 | Zot:2    | Lost mutation: You have hidden genetic potential. [potion
                  | of mutation]
 67096 | Zot:2    | Lost mutation: You sometimes lose your temper in combat.
                  | [potion of mutation]
 67096 | Zot:2    | Gained mutation: You occasionally lose the ability to drink
                  | potions when taking damage. [potion of mutation]
 67096 | Zot:2    | Gained mutation: Your mind is acute. (Int +4, Str/Dex -1)
                  | [potion of mutation]
 67097 | Zot:2    | Lost mutation: Your mind is acute. (Int +4, Str/Dex -1)
                  | [potion of mutation]
 67097 | Zot:2    | Lost mutation: You occasionally lose the ability to drink
                  | potions when taking damage. [potion of mutation]
 67097 | Zot:2    | Gained mutation: Your muscles are strong. (Str +4, Int/Dex
                  | -1) [potion of mutation]
 67097 | Zot:2    | Gained mutation: You expend magic power (3 MP) to
                  | strengthen your wands. [potion of mutation]
 67098 | Zot:2    | Lost mutation: You expend magic power (3 MP) to strengthen
                  | your wands. [potion of mutation]
 67098 | Zot:2    | Lost mutation: Your muscles are strong. (Str +4, Int/Dex
                  | -1) [potion of mutation]
 67098 | Zot:2    | Gained mutation: Your mind is acute. (Int +4, Str/Dex -1)
                  | [potion of mutation]
 67099 | Zot:2    | Lost mutation: Your mind is acute. (Int +4, Str/Dex -1)
                  | [potion of mutation]
 67099 | Zot:2    | Gained mutation: You passively dampen the noise of your
                  | surroundings. [potion of mutation]
 67099 | Zot:2    | Gained mutation: Your muscles are strong. (Str +4, Int/Dex
                  | -1) [potion of mutation]
 67100 | Zot:2    | Lost mutation: Your muscles are strong. (Str +4, Int/Dex
                  | -1) [potion of mutation]
 67100 | Zot:2    | Lost mutation: You passively dampen the noise of your
                  | surroundings. [potion of mutation]
 67100 | Zot:2    | Gained mutation: Your muscles are strong. (Str +4, Int/Dex
                  | -1) [potion of mutation]
 67100 | Zot:2    | Gained mutation: Your natural rate of healing is unusually
                  | fast. [potion of mutation]
 67569 | Zot:3    | You fall into a shaft and drop 1 floor!
 67752 | Zot:4    | Acquired the +5 Storm Queen's Shield {shock, Fly rElec}
 67752 | Zot:4    | Found the +5 Storm Queen's Shield {shock, Fly rElec}
 69471 | Zot:5    | Entered Level 5 of the Realm of Zot
 69490 | Zot:5    | Identified the +0 longbow "Rozxew" {elec, rF+ rC+ SInv}
 69833 | Zot:5    | Acquired 962 gold pieces
 69835 | Zot:5    | Acquired a manual of Conjurations
 69869 | Zot:5    | Noticed an orb of fire
 69882 | Zot:5    | Killed an orb of fire
 69883 | Zot:5    | Reached XP level 26. HP: 168/204 MP: 38/38
 70304 | Zot:5    | Noticed an orb of fire
 70323 | Zot:5    | Gained mutation: You passively map a small area around you.
                  | [an orb of fire]
 70326 | Zot:5    | Gained mutation: You are partially covered in iridescent
                  | scales. (AC +2) [an orb of fire]
 70329 | Zot:5    | Killed an orb of fire
 70397 | Zot:5    | Noticed an ancient lich
 70407 | Zot:5    | Killed an ancient lich
 70457 | Zot:5    | Noticed an orb of fire
 70477 | Zot:5    | Killed an orb of fire
 70536 | Zot:5    | Noticed a Killer Klown
 70557 | Zot:5    | Noticed an orb of fire
 70561 | Zot:5    | Killed a Killer Klown
 70578 | Zot:5    | Lost mutation: Your muscles are strong. (Str +4, Int/Dex
                  | -1) [an orb of fire]
 70581 | Zot:5    | Killed an orb of fire
 70584 | Zot:5    | Noticed a dread lich
 70593 | Zot:5    | Killed a dread lich
 70595 | Zot:5    | Noticed an orb of fire
 70617 | Zot:5    | Gained mutation: Your body sometimes deteriorates upon
                  | taking damage. [an orb of fire]
 70624 | Zot:5    | Gained mutation: You are weak. (Str -2) [an orb of fire]
 70625 | Zot:5    | Killed an orb of fire
 70721 | Zot:5    | Noticed an ancient lich
 70722 | Zot:5    | Noticed a Killer Klown
 70722 | Zot:5    | Noticed a Killer Klown
 70723 | Zot:5    | Noticed an ancient lich
 70725 | Zot:5    | Noticed a dread lich
 70730 | Zot:5    | Noticed a dread lich
 70739 | Zot:5    | Killed an ancient lich
 70745 | Zot:5    | Noticed a dread lich
 70745 | Zot:5    | Noticed an ancient lich
 70750 | Zot:5    | Killed a dread lich
 70753 | Zot:5    | Killed an ancient lich
 70769 | Zot:5    | Killed an ancient lich
 70775 | Zot:5    | Killed a dread lich
 70782 | Zot:5    | Killed a Killer Klown
 70784 | Zot:5    | Killed a dread lich
 70792 | Zot:5    | Killed a Killer Klown
 71108 | Zot:5    | Reached XP level 27. HP: 239/245 MP: 40/40
 71422 | Zot:5    | Got the Orb of Zot
 71602 | Depths:2 | Noticed Inetui Iser the pandemonium lord
 72151 | D:1      | Noticed Teproeni the pandemonium lord
 72198 | D:1      | Killed Teproeni the pandemonium lord
 72214 | D:$      | Escaped with the Orb!

Illustrated notes

Levels and vault maps discovered:
D:1:      lemuel_arrival_tunnels, layout_loops_cross, serial_glass,
          glass_columns_a, glass_columns_a, glass_columns_c, glass_columns_b
D:2:      kennysheep_big_flooded_room, layout_loops_ring
D:3:      layout_basic, nzn_wu_jian_council_hall, nicolae_ecumenical_oubliette,
          chequers_serial_rivers_micro_a, uniq_sigmund
D:4:      layout_basic, mainiacjoe_overflow_paths, serial_shops,
          nicolae_lakefront_shop
D:5:      layout_layer_cave, mainiacjoe_overflow_tiny_flanked, xom_redecorated,
          nicolae_nh_oracle_at_delphi, uniq_menkaure, uniq_duvessa
D:6:      layout_loops_ring, mainiacjoe_overflow_concentric_impassable,
          temple_statues, kennysheep_windowed_goal
D:7:      layout_basic, serial_rivers, chequers_serial_rivers_large_b,
          chequers_serial_rivers_micro_c, chequers_serial_rivers_marsh,
          chequers_serial_rivers_micro_e, chequers_serial_rivers_room_b,
          chequers_serial_rivers_micro_d
D:8:      layout_loops_ring, nicolae_vehumet_radiance, serial_rivers,
          chequers_serial_rivers_small_3, chequers_serial_rivers_room_b,
          chequers_serial_rivers_room_a, chequers_serial_rivers_micro_a,
          minmay_hollow_rounded_squares
D:9:      layout_roguey, minitemple, small_statue_alley_b, uniq_pikel
D:10:     layout_cave_pools, mainiacjoe_overflow_brackets,
          nicolae_overflow_crystal_walls
D:11:     layout_roguey, erik_lair_orcish_takeover, minmay_orc_entry_guard_dogs,
          nicolae_hepliaklqana_hazy_memory, uniq_grum
D:12:     layout_cave_pools, serial_shops, bzr_firewalk, minmay_lizard_king,
          uniq_lodul
D:13:     layout_big_octagon, david_vaults_4, serial_shops, shop, uniq_sonja
D:14:     layout_basic, fedhas_altar_3, palyth_stone_intersect
D:15:     hangedman_depths_entry_try_elsewhere_first, layout_rooms,
          portal_ice_cave_entry_dragon, minmay_misc_feat_rows, feat_on_display,
          uniq_azrael
Temple:   hellmonk_temple_beads
Lair:1:   beast_lair_carwin_large_4, layout_regular_city,
          nicolae_volcano_entry_two_sided, grunt_megastairs_4, lemuel_fruit_tree
Lair:2:   layout_loops_ring, skrybe_swamp_entry_bodies,
          minmay_snake_entry_six_corridors, minmay_lair_oklob_bushes
Lair:3:   layout_long_grid, infiniplex_staircase_pool, serial_bayou_shore_b,
          grunt_megastairs_2, lemuel_fruit_fields
Lair:4:   layout_loops_ring, slime_entry_2, minivault_25,
          nicolae_quartered_pool_super, grunt_megastairs_1,
          serial_bayou_shore_b, serial_bayou_shore_a
Lair:5:   guppyfry_lair_end_dragon, layout_cellular_growth, guppyfry_lair_drakes
Swamp:1:  layout_falls_marsh, evilmike_swamp_ruin_house_1,
          infiniplex_staircase_pool_2
Swamp:2:  layout_falls_marsh, ebering_ghost_reflecting_pool, serial_swamp_ruin,
          evilmike_swamp_ruin_house_5, evilmike_swamp_ruin_rubble_1
Swamp:3:  layout_falls_marsh, lemuel_altar_in_water
Swamp:4:  swamp_alternative, layout_basic_swamp, ebering_ghost_xom, uniq_aizul
Snake:1:  layout_honeycomb, serial_shops, shop
Snake:2:  layout_basic, basic_altar
Snake:3:  layout_misc_corridors, grunt_ministairs_2
Snake:4:  snake_pit, layout_cave_town, serial_shops, nicolae_shop_crystal,
          serial_bayou_shore_b, minmay_shop_grove, uniq_louise, uniq_donald
Orc:1:    layout_caves
Orc:2:    pf_orc_diabolical, layout_caves, basic_altar, gauntlet_entry_generic,
          nicolae_shop_vocational, uniq_rupert
Elf:1:    nicolae_elf_arrival_no_cutting_in_line, layout_geoelf_diagonals,
          ebering_ghost_disaster_area, minmay_elf_crystal_hexagon
Elf:2:    elven_hall_of_blades_hangedman_alternative
          [nicolae_blade_entry_diamond_columns], layout_gridlike, basic_altar,
          solitary_fountain
Elf:3:    minmay_elf_hall_furrowed, layout_rooms, serial_shops,
          nicolae_shop_statue_plus, nicolae_shop_rolling_square, shop, shop,
          nicolae_book_shop_shelving, uniq_asterion
Vaults:1: nicolae_vaults_thirteen_compartments, hangedman_vaults_corner,
          nicolae_vaults_angled_halls, v_misc_24, ontoclasm_vaults_gateway,
          v_alt_pattern_4, vaults_room_stairs_pillars,
          nicolae_vaults_what_the_h, v_misc_26, nicolae_vaults_house_1,
          nicolae_vaults_double_plus_1, layout_vaults_chaotic_city,
          serial_shops, shop
Vaults:2: nicolae_vaults_tetromino_T_2, vaults_room_fours,
          ontoclasm_vaults_decontamination, nicolae_vaults_oval_intersection,
          vaults_mumra_hex, vaults_room_hallway, nicolae_vaults_shelves_hall,
          ontoclasm_vaults_loading_screen, vaults_room_pools,
          grunt_vaults_twisty, v_misc_10, vaults_room_door_ring,
          v_alt_pattern_6, nicolae_vaults_little_ls, v_misc_4,
          ontoclasm_vaults_ring_small, layout_vaults_ring, serial_shops,
          nicolae_shop_advertising_works [nicolae_subvault_shop_adworks],
          uniq_zenata, uniq_sojobo
Vaults:3: hangedman_vaults_slice, v_rooms_2,
          nicolae_vaults_trapezoid_lopsided_1, hangedman_vaults_hat,
          minmay_crypt_entry_simple_sparse, nicolae_vaults_border_crossing,
          nicolae_vaults_two_Ls, vaults_standard_mumra_x,
          dpeg_vaults_monster_box, nicolae_vaults_apartment_1,
          layout_vaults_omnigrid, serial_shops, nicolae_shop_real_fake_doors,
          nicolae_shop_tiny_waterfront, nicolae_shop_rolling_square,
          nicolae_shop_tiny_waterfront, uniq_nikola
Vaults:4: nicolae_vaults_trapezoid_4, st_lines, v_pattern_3,
          nicolae_vaults_three_branches, vaults_room_semicircle,
          vaults_standard_mumra_enter_the_diamond, v_alt_pattern_6, v_misc_27,
          nicolae_vaults_alarming, nicolae_vaults_layer_cake_slice,
          nicolae_vaults_two_Ls, nicolae_vaults_tetromino_L_2,
          layout_vaults_omnicross
Vaults:5: serial_shops
Depths:1: cheibrodos_poisonous_passages, layout_basic, abandoned_shop,
          muffindrake_ghost_dual_entry, pan_entry, hell_entry,
          ashenzari_altar_1, serial_bayou_shore_b
Depths:2: minmay_sliced_demisemicircle, layout_cave_shapes, serial_bayou_pond_d,
          abyss_entry_flame_altar, serial_shops, shop,
          grunt_hell_entry_dis_grunt, grunt_pan_entry_sceptre, uniq_bai_suzhen,
          uniq_enchantress
Depths:3: minmay_the_grid_square_5x5_3x3 [minmay_the_grid_square_5x5_shuriken,
          minmay_the_grid_square_5x5_beaten_path,
          minmay_the_grid_square_5x5_plus, minmay_the_grid_square_5x5_two_small,
          minmay_the_grid_square_5x5_megaprize_checkered,
          minmay_the_grid_square_5x5_n, minmay_the_grid_square_5x5_fat_x,
          minmay_the_grid_square_5x5_three_walls,
          minmay_the_grid_square_5x5_corner], layout_gridville,
          hangedman_decor_riveting, minmay_room_of_horrors, hell_entry,
          drop_trap, roderic_roman_lattice, kilobyte_rumbling_trees
Depths:4: lemuel_castle_with_subvaults [lemuel_castle_interior_carwin_3],
          layout_cave_pools, enter_ziggurat_e, grunt_pan_entry_in_and_out,
          hangedman_tar_grid_catacomb, hangedman_abyss_entry_splay,
          uniq_parghit, uniq_mennas
Zot:1:    evilmike_crystal_ball_defense, layout_misc_corridors,
          hangedman_elemental_corridor
Zot:2:    layout_misc_corridors, hangedman_zot_decor_unnerving_road,
          st_single_dragon_hoard_3
Zot:3:    lemuel_draconian_sentries, layout_misc_corridors, lemuel_elevator
Zot:4:    layout_onion_interference
Zot:5:    layout_twisted_circle

Skill      XL: |  1  2  3  4  5  6  7  8  9 10 11 12 13 14 15 16 17 18 19 20 21 22 23 24 25 26 |
---------------+-------------------------------------------------------------------------------+-----
Stealth        | 1 2 3 4 5 6 7 9 0 |  0.0
Long Blades    | 4 5 6 8 10 12 14 16 18 20 22 23 25 26 27 | 27.0
Fighting       | 4 5 6 7 9 10 11 13 14 15 16 17 18 19 20 22 23 24 25 26 | 26.2
Dodging        | 5 6 7 8 9 10 12 13 15 16 18 19 20 21 22 24 25 26 27 | 27.0
Shields        | 6 9 11 13 14 15 17 18 | 18.4
Throwing       | 5 7 10 12 14 | 14.5
Spellcasting   | 4 7 9 11 13 | 13.2

Action                     |  1- 3 |  4- 6 |  7- 9 | 10-12 | 13-15 | 16-18 | 19-21 | 22-24 | 25-27 || total
---------------------------+-------+-------+-------+-------+-------+-------+-------+-------+-------++-------
  Melee: Falchion          |    81 |    76 |    59 |       |       |       |       |       |       ||   216
         Tailslap          |       |     3 |     1 |       |     5 |       |    26 |     6 |     2 ||    43
         Double sword      |       |       |   112 |   330 |   876 |  1114 |  1302 |  1674 |  1223 ||  6631
  Throw: Dart              |       |       |       |     2 |       |       |    15 |     5 |       ||    22
 Invoke: Sacrifice Love    |       |       |     1 |       |       |       |       |       |       ||     1
         Sacrifice Artific |       |       |       |     1 |       |       |       |       |       ||     1
         Draw Out Power    |       |       |       |     5 |     6 |     4 |     3 |     1 |     1 ||    20
         Sacrifice Stealth |       |       |       |     1 |       |       |       |       |       ||     1
         Power Leap        |       |       |       |       |     1 |       |       |     1 |       ||     2
         Sacrifice Purity  |       |       |       |       |     1 |       |       |       |       ||     1
         Sacrifice Durabil |       |       |       |       |     1 |       |       |       |       ||     1
         Reject Sacrifices |       |       |       |       |     1 |       |       |       |       ||     1
         Apocalypse        |       |       |       |       |       |       |    10 |     9 |     6 ||    25
  Evoke: Wand              |       |     4 |     3 |       |       |       |       |       |       ||     7
    Use: Potion            |     1 |       |       |     2 |     4 |     2 |     4 |     2 |    17 ||    32
         Scroll            |       |       |     7 |     5 |    12 |     5 |    14 |     3 |    11 ||    57
   Stab: Sleeping          |     2 |     1 |     1 |       |       |       |       |       |       ||     4
         Distracted        |       |       |     1 |     4 |     6 |     7 |    10 |    20 |    13 ||    61
         Invisible         |       |       |       |     1 |     4 |    18 |    13 |    20 |    19 ||    75
         Paralysed         |       |       |       |     2 |     1 |     8 |    24 |    22 |    15 ||    72
 Armour: Robe              |    16 |     8 |    13 |     1 |       |       |       |       |       ||    38
         Steam dragon scal |       |       |       |    24 |    46 |       |       |       |       ||    70
         Ice dragon scales |       |       |       |       |    22 |       |       |       |       ||    22
         Leather armour    |       |       |       |       |    59 |   154 |   154 |   146 |    91 ||   604
  Dodge: Dodged            |    53 |    67 |   188 |   304 |   703 |  1015 |  1385 |  1110 |   790 ||  5615
  Block: Kite shield       |       |       |       |       |       |       |    74 |  1070 |   780 ||  1924
         Reflection        |       |       |       |       |       |       |     1 |    18 |     6 ||    25

Table legend: (Time is in decaauts)
 A = Elapsed time spent in this place.
 B = Non-inter-level travel time spent in this place.
 C = Inter-level travel time spent in this place.
 D = Time resting spent in this place.
 E = Time spent auto-exploring this place.
 F = Levels seen in this place.
 G = Mean time per level.
                   A        B        C        D        E       F      G
               +--------+--------+--------+--------+--------+-----+--------+
         Total |  70376 |  66496 |   3880 |  17877 |  36483 |  52 | 1353.4 |
       Dungeon |  14782 |  13367 |   1415 |   2540 |   8471 |  15 |  985.5 |
        Temple |    381 |    355 |     26 |    248 |     89 |   1 |  381.0 |
          Lair |   5130 |   4731 |    399 |    158 |   3759 |   5 | 1026.0 |
         Swamp |   2804 |   2707 |     97 |    602 |   1665 |   4 |  701.0 |
     Snake Pit |   7984 |   7793 |    191 |   3041 |   3690 |   4 | 1996.0 |
  Orcish Mines |   1605 |   1474 |    131 |    185 |    999 |   2 |  802.5 |
   Elven Halls |   5983 |   5784 |    199 |   2615 |   2360 |   3 | 1994.3 |
        Vaults |  12114 |  11780 |    334 |   3388 |   6652 |   5 | 2422.8 |
        Depths |   9755 |   9159 |    596 |   2159 |   4980 |   4 | 2438.8 |
           Zot |   7022 |   6533 |    489 |   1879 |   2851 |   5 | 1404.4 |
        Bazaar |    200 |    200 |      0 |      0 |     85 |   1 |  200.0 |
      Ice Cave |   1854 |   1854 |      0 |   1045 |    436 |   1 | 1854.0 |
       Volcano |    265 |    265 |      0 |      0 |     73 |   1 |  265.0 |
      Gauntlet |    491 |    491 |      0 |     15 |    370 |   1 |  491.0 |
               +--------+--------+--------+--------+--------+-----+--------+

Top non-repeatable levels by time:
Vaults:1: 3455 daAuts
 Snake:3: 3087 daAuts
Depths:3: 2880 daAuts
Vaults:3: 2868 daAuts
Depths:4: 2560 daAuts
    D:12: 2433 daAuts
Depths:1: 2365 daAuts
   Elf:2: 2190 daAuts
 Snake:4: 2170 daAuts
Vaults:5: 2162 daAuts
   Elf:3: 2036 daAuts
   Zot:1: 2032 daAuts
Depths:2: 1949 daAuts
Vaults:4: 1936 daAuts
   IceCv: 1854 daAuts
